 Dungeon Crawl Stone Soup version 0.19.5 (webtiles) character file.

697 tidbits the Skirmisher (level 7, -6/57 HPs)
             Began as a High Elf Assassin on Dec 12, 2017.
             Splashed by a jelly's acid (8 damage)
             ... on level 5 of the Dungeon.
             The game lasted 00:16:36 (1551 turns).

tidbits the Skirmisher (High Elf Assassin)          Turns: 1551, Time: 00:16:37

Health: -6/57      AC: -4    Str: 12    XL:     7   Next: 38%
Magic:  10/10      EV: 15    Int: 15    God:
Gold:   239        SH:  0    Dex: 17    Spells: 0 memorised, 6 levels left

rFire  . . .     SeeInvis .     a - +2 dagger
rCold  . . .     Gourm    .     B - +0 robe
rNeg   + . .     Faith    .     (no shield)
rPois  .         Spirit   .     E - +0 helmet
rElec  .         Reflect  .     C - +0 cloak
rCorr  .         Harm     .     (no gloves)
MR     +....                    (no boots)
Stlth  +++.......               h - amulet of rage
                                (no ring)
                                n - ring of positive energy

@: exhausted, corroded, slowed, very slow
A: magic resistance 1, robust 1, screaming 1
a: Evoke Berserk Rage


You were on level 5 of the Dungeon.
You were very hungry.

You visited 1 branch of the dungeon, and saw 5 of its levels.

You collected 239 gold pieces.

Inventory:

Hand Weapons
 a - a +2 dagger (weapon)
 b - a +0 blowgun
 p - a +0 hunting sling
   (You found it on level 3 of the Dungeon)
 x - a +2 battleaxe of freezing
   (You took it off Blork the orc on level 5 of the Dungeon)
 G - a +0 falchion
   (You took it off an orc on level 3 of the Dungeon)
Missiles
 e - 14 poisoned needles
 k - 29 arrows
 o - 35 bolts
 t - 34 sling bullets
Armour
 B - a +0 robe (worn)
 C - a +0 cloak (worn)
 E - a +0 helmet (worn)
   (You found it on level 2 of the Dungeon)
Jewellery
 h - an amulet of rage (around neck)
   (You found it on level 1 of the Dungeon)
 n - a ring of positive energy (left hand)
   (You found it on level 3 of the Dungeon)
 A - an uncursed amulet of the gourmand {unknown}
   (You found it on level 4 of the Dungeon)
Wands
 y - a wand of random effects (22/48)
   (You found it on level 4 of the Dungeon)
Scrolls
 f - a scroll of random uselessness {unknown}
 g - a scroll of remove curse
 i - a scroll of recharging
 l - a scroll of amnesia
 m - a scroll of noise {unknown}
 s - a scroll of teleportation {unknown}
 u - a scroll of enchant armour {unknown}
 F - a scroll of magic mapping {unknown}
Potions
 j - 4 potions of curing
 q - a potion of flight
 r - a potion of heal wounds
 w - 2 potions of might {unknown}
 z - a potion of ambrosia
 D - 2 potions of lignification {unknown}
Comestibles
 c - 2 bread rations
 v - 4 meat rations
 H - 4 chunks of flesh


   Skills:
 + Level 6.1 Fighting
 - Level 2.4 Short Blades
 - Level 2.0 Throwing
 - Level 5.0 Dodging
 - Level 4.3 Stealth
 - Level 3.0 Evocations


You had 6 spell levels left.
You didn't know any spells.

Dungeon Overview and Level Annotations

Branches:
Dungeon (5/15)
 Temple: D:4-7

Altars:
Qazlal

Shops:
D:4 (


Innate Abilities, Weirdness & Mutations

You are resistant to hostile enchantments. (MR+)
You are robust. (+10% HP)
You occasionally shout uncontrollably at your foes.


Message History

Okay, then.
Unknown command.
Okay, then.
Okay, then.
You don't know any spells.
b - a +0 blowgun (weapon)
Something barely misses you.
Firing (i - inventory. (,) - cycle):
I - a curare-tipped needle (quivered)
Press: ? - help, Shift-Dir - straight line You shoot a curare-tipped needle.
The bloodstain on the open door disappears!
You feel yourself speed up.
Items here: )) [ † a club; a dagger; a robe; an orc corpse You clumsily bash something but do no damage.
The acid corrodes you!
Your hands burn!
* * * LOW HITPOINT WARNING * * *
Something hits you.
* * * LOW HITPOINT WARNING * * *
You are splashed with acid!
The acid burns!
* * * LOW HITPOINT WARNING * * *
The bloodstain on the floor disappears!
The bloodstain on the floor disappears!
You feel less exhausted.
There is an open door here.
You close the door.
Things that are here:
a robe; the orc skeleton of Blork the orc
There is an open door here.
You hear a slurping noise.
The door mysteriously vanishes.
The bloodstain on the floor disappears!
You are no longer corroded.
There is a stone staircase leading up here.
Some of the chunks of flesh in your inventory have rotted away.
You see here a scorpion corpse.
You open the door.
An adder comes into view.
You shout at the adder!
There is an open door here.
As you close the door, it creaks loudly!
Firing (i - inventory):
e - 14 poisoned needles (quivered)
Press: ? - help, Shift-Dir - straight line, f - adder
Aim: an adder You shoot a poisoned needle.
The poisoned needle hits the adder.
The adder is poisoned.
a - a +2 dagger (weapon)
The adder barely misses you.
You fail to use your ability.
The adder closely misses you.
A red film seems to cover your vision as you go berserk!
You feel yourself moving faster!
You feel mighty!
You are feeling very hungry.
The adder closely misses you.
You closely miss the adder.
The adder is moderately wounded.
The adder bites you but does no damage.
You hit the adder.
The adder is almost dead.
The adder bites you.
* * * LOW HITPOINT WARNING * * *
You miss the adder.
The adder is almost dead.
You kill the adder!
You feel a strong urge to attack something.
You hear a slurping noise.
The jelly eats the door!
You see here a poisoned needle.
e - 14 poisoned needles (gained 1)
You feel your anger subside.
You are no longer berserk.
You are exhausted.
You feel yourself slow down.
Evoke which item? (* to show all) (? for menu, Esc to quit)
Zapping:
y - a wand of random effects (25/48)
Press: ? - help, Shift-Dir - straight line, f - jelly
Aim: a jelly The bolt of fire hits the jelly.
The jelly is severely wounded.
This wand has 24 charges left.
Evoke which item? (* to show all) (? for menu, Esc to quit)
Zapping:
y - a wand of random effects (24/48)
Press: ? - help, Shift-Dir - straight line, f/p - jelly
Aim: a jelly (severely wounded)
The jelly resists with significant effort.
This wand has 23 charges left.
The jelly hits you.
* * * LOW HITPOINT WARNING * * *
The acid corrodes you!
You are splashed with acid!
The acid burns!
* * * LOW HITPOINT WARNING * * *
Evoke which item? (* to show all) (? for menu, Esc to quit)
Zapping:
y - a wand of random effects (23/48)
Press: ? - help, Shift-Dir - straight line, f/p - jelly
Aim: a jelly (severely wounded)
The jelly looks slightly unstable.
This wand has 22 charges left.
The jelly hits you.
* * * LOW HITPOINT WARNING * * *
The acid corrodes you!
You are splashed with acid!
The acid burns!
* * * LOW HITPOINT WARNING * * *
The jelly hits you.
* * * LOW HITPOINT WARNING * * *
You are splashed with acid!
The acid burns!
You die...

######### ##
#.......# .#
#.......# .#
#.......# .#
#.@.....# .#
#.J.....# .+
#.......# .#
#.......# ##
#######.####
+.........#
#.........#
..
#....†....#
#..
##..<##...#


You could see a jelly.

Vanquished Creatures
  2 ogres (D:4)
  Blork the orc (D:5)
  2 scorpions (D:5)
  2 howler monkeys
  2 hounds (D:4)
  2 orc priests (D:5)
  2 orc wizards
  A howler monkey skeleton (D:4)
  5 adders
  A shadow imp (D:5)
  An adder skeleton (D:4)
  A dart slug (D:4)
  2 leopard geckos
  3 orcs
  A giant cockroach (D:5)
  6 goblins
  4 hobgoblins
  4 jackals (D:1)
  A ball python skeleton (D:4)
  4 bats
  5 kobolds
  3 rats
55 creatures vanquished.

Notes
Turn   | Place    | Note
-------+----------+-------------------------------------------
     0 | D:1      | tidbits the High Elf Assassin began the quest for the Orb.
     0 | D:1      | Reached XP level 1. HP: 14/14 MP: 2/2
    53 | D:1      | Reached skill level 1 in Evocations
   137 | D:2      | Reached XP level 2. HP: 19/19 MP: 2/4
   170 | D:2      | Reached skill level 2 in Evocations
   320 | D:3      | Noticed a sky beast
   434 | D:3      | Reached XP level 3. HP: 10/24 MP: 5/5
   524 | D:4      | Noticed an ogre
   542 | D:3      | Reached skill level 3 in Evocations
   883 | D:4      | Found Puluax's Weapon Shoppe.
   885 | D:4      | You fall through a shaft!
   885 | D:5      | Entered Level 5 of the Dungeon
   887 | D:5      | Reached XP level 4. HP: 26/30 MP: 7/7
   898 | D:5      | Found a stormy altar of Qazlal.
   926 | D:4      | Noticed an ogre
   942 | D:4      | Killed an ogre
   942 | D:4      | Reached skill level 3 in Fighting
   942 | D:4      | Reached skill level 2 in Dodging
   942 | D:4      | Reached XP level 5. HP: 36/36 MP: 8/8
  1086 | D:4      | Gained mutation: You are resistant to hostile enchantments. (MR+) [potion of mutation]
  1086 | D:4      | Gained mutation: You are robust. (+10% HP) [potion of mutation]
  1086 | D:4      | Gained mutation: You occasionally shout uncontrollably at your foes. [potion of mutation]
  1101 | D:5      | Reached skill level 4 in Fighting
  1101 | D:5      | Reached skill level 3 in Dodging
  1285 | D:4      | Reached XP level 6. HP: 47/47 MP: 9/9
  1331 | D:4      | Reached skill level 4 in Dodging
  1371 | D:5      | Reached skill level 5 in Fighting
  1386 | D:5      | Noticed Blork the orc
  1401 | D:5      | Killed Blork the orc
  1401 | D:5      | Reached skill level 5 in Dodging
  1401 | D:5      | Reached XP level 7. HP: 14/55 MP: 10/10
  1484 | D:5      | Reached skill level 6 in Fighting
  1551 | D:5      | HP: 3/57 [acid (7)]
  1551 | D:5      | Splashed by a jelly's acid

Skill      XL: |  1  2  3  4  5  6  7 |
---------------+----------------------+-----
Evocations     | 1 2 3 |  3.0
Fighting       | 3 4 5 6 |  6.1
Dodging        | 2 3 5 |  5.0
Short Blades   | |  2.4
Throwing       | |  2.0
Stealth        | |  4.3

Action                   |  1- 3 |  4- 6 |  7- 9 || total
-------------------------+-------+-------+-------++-------
Melee: Dagger            |    89 |    42 |    22 ||   153
       Blowgun           |       |       |     1 ||     1
 Fire: Blowgun           |     9 |     6 |     4 ||    19
 Abil: Evoke Berserk Rag |     4 |     3 |     3 ||    10
Evoke: Wand              |       |     1 |     6 ||     7
  Use: Scroll            |       |    10 |     1 ||    11
       Potion            |       |     1 |     1 ||     2
 Stab: Sleeping          |     5 |     3 |       ||     8
       Distracted        |     1 |       |       ||     1
  Eat: Chunk             |     3 |     5 |     3 ||    11
Armor: Robe              |    20 |     8 |     6 ||    34
Dodge: Dodged            |    51 |    21 |    20 ||    92

Table legend:
 A = Turns spent in this place as a percentage of turns spent in the entire game.
 B = Non-inter-level travel turns spent in this place as a percentage of non-inter-level travel turns spent in the entire game.
 C = Inter-level travel turns spent in this place as a percentage of turns spent in this place.
 D = Turns resting spent in this place as a percentage of non-inter-level travel turns spent in this place.
 E = Turns spent auto-exploring this place as a percentage of non-inter-level travel turns spent in this place.
 F = Non-inter-level travel turns spent in this place divided by the number of levels of this place that you've seen.
                   A       B       C       D       E      F
               +-------+-------+-------+-------+-------+----------------------
         Total | 100.0 | 100.0 |   0.0 |   0.0 |   0.0 | 302.0
       Dungeon | 100.0 | 100.0 |   0.0 |   0.0 |   0.0 | 302.0
               +-------+-------+-------+-------+-------+----------------------

Table legend:
 A = Kills in this place as a percentage of kills in entire the game.
 B = Kills by you in this place as a percentage of kills by you in the entire game.
 C = Kills by friends in this place as a percentage of kills by friends in the entire game.
 D = Other kills in this place as a percentage of other kills in the entire game.
 E = Experience gained in this place as a percentage of experience gained in the entire game.
 F = Experience gained in this place divided by the number of levels of this place that you have seen.
                   A       B       C       D       E      F
               +-------+-------+-------+-------+-------+----------------------
         Total | 100.0 | 100.0 |  -nan |  -nan | 100.0 | 199.4
       Dungeon | 100.0 | 100.0 |  -nan |  -nan | 100.0 | 199.4
               +-------+-------+-------+-------+-------+----------------------

Vault maps used:
D:1:      dpeg_arrival_tiny_i
D:2:      glass_columns_c
D:4:      serial_shops, nicolae_shop_statue_plus, first_bread
D:5:      kennysheep_mini_moat, uniq_blork_the_orc, uniq_menkaure, uniq_edmund
